 Dungeon Crawl Stone Soup version 0.25-a0-164-gb55e97dba5 (webtiles) character file.

Game seed: 15770560160081001942, levelgen mode: deterministic

5 Leeroy the Conjurer (level 1, -4/14 HPs)
             Began as a Draconian Conjurer on Nov 22, 2019.
             Killed from afar by a dart slug (6 damage)
             ... with a slug dart
             ... on level 1 of the Dungeon.
             The game lasted 00:00:44 (313 turns).

Leeroy the Conjurer (Draconian Conjurer)             Turns: 313, Time: 00:00:46

Health: -4/14      AC:  4    Str: 10    XL:     1   Next: 66%
Magic:  1/3        EV: 12    Int: 15    God:
Gold:   17         SH:  0    Dex: 11    Spells: 3/4 levels left

rFire    . . .     SeeInvis .   (no weapon)
rCold    . . .     Gourm    .   (no shield)
rNeg     . . .     Faith    .   (armour unavailable)
rPois    .         Spirit   .   (helmet restricted)
rElec    .         Reflect  .   (no cloak)
rCorr    .         Harm     .   (no gloves)
MR       .....                  (no boots)
Stlth    ++........             (no amulet)
HPRegen  0.04/turn              (no ring)
MPRegen  0.08/turn              (no ring)

@: no status effects
A: unfitting armour, cold-blooded, AC +4
a: no special abilities


You were on level 1 of the Dungeon.
You were not hungry.

You visited 1 branch of the dungeon, and saw 1 of its levels.

You collected 17 gold pieces.

Inventory:

Missiles
 a - 3 stones (quivered)
Scrolls
 c - a scroll of remove curse {unknown}
Comestibles
 b - 2 rations


   Skills:
 + Level 2.2 Dodging
 - Level 1.7 Stealth
 - Level 2.0 Spellcasting
 - Level 4.0 Conjurations


You had 3 spell levels left.
You knew the following spells:

 Your Spells              Type           Power        Failure   Level  Hunger
a - Magic Dart            Conj           ##..         4%          1    #......

Your spell library contained the following spells:

 Spells                   Type           Power        Failure   Level  Hunger
 Searing Ray              Conj           ##....       6%          2    ###....
 Dazzling Spray           Conj/Hex       #.....       28%         3    ###....
 Iskenderun's Mystic Bla  Conj           ##......     38%         4    #####..
 Force Lance              Conj/Tloc      #.......     67%         4    #####..
 Fulminant Prism          Conj/Hex       #.........   67%         4    #####..


Dungeon Overview and Level Annotations

Branches:
Dungeon (1/15)

Altars:


Innate Abilities, Weirdness & Mutations

Your plain brown scales are hard. (AC +4)
You cannot fit into any form of body armour.
You are cold-blooded and may be slowed by cold attacks.


Message History

You see here a scroll labeled RERARGH EXUCEGU.
c - a scroll labeled RERARGH EXUCEGU A frilled lizard and a goblin come into view.
Found a scroll labeled CEREJO BEFE.
A bat comes into view.
You see here a ration.
b - 2 rations (gained 1)
The bat closely misses you.
Casting: Magic Dart (safe; 4% risk of failure)
Confirm with . or Enter, or press ? or * to list all spells.
Aiming: Magic Dart (safe; 4% risk of failure)
Press: ? - help, Shift-Dir - straight line, f/p - dart slug
Aim: a dart slug (heavily wounded)
The magic dart hits the dart slug.
The dart slug is severely wounded.
The goblin shouts!
The bat closely misses you. The dart slug launches a dart at you.
The slug dart hits you.
You die...

.... ..........
.......... #[........
#.......# ####.......#
..
...###........########..
.......@................
.......b................
.........##.............
.........##.w........ ..
.........##.........# #
.........##...w....†# #
.........##.........####
....g?#####.............
..l.. #................


You could see a dart slug, a goblin and a bat.

Vanquished Creatures
  A dart slug (D:1)
  A frilled lizard (D:1)
  2 kobolds (D:1)
  A rat (D:1)
5 creatures vanquished.

Notes
Turn   | Place    | Note
-------+----------+-------------------------------------------
     0 | D:1      | Leeroy the Draconian Conjurer began the quest for the Orb.
     0 | D:1      | Reached XP level 1. HP: 14/14 MP: 3/3
   313 | D:1      | Killed from afar by a dart slug

Levels and vault maps discovered:
D:1:      wander_arrival_lonely_grave, layout_basic, minmay_tall_x

Skill      XL: |  1 |
---------------+----+-----
Dodging        | 2 |  2.2
Stealth        | |  1.7
Spellcasting   | |  2.0
Conjurations   | |  4.0

Action                   || total
-------------------------++-------
Melee: Unarmed           ||    20
       Tailslap          ||     2
 Cast: Magic Dart        ||     7
Armor: Skin              ||     6
Dodge: Dodged            ||    22

Table legend:
 A = Non-vault XP
 B = Vault XP
 C = Vault XP percentage of total XP
 D = Non-vault monster count
 E = Vault monster count
 F = Vault count percentage of total count
                 A         B        C        D         E       F
            +---------+---------+-------+---------+---------+-------
      Total |       8 |       0 |   0.0 |       5 |       0 |   0.0
            +---------+---------+-------+---------+---------+-------
        D:1 |       8 |       0 |   0.0 |       5 |       0 |   0.0
            +---------+---------+-------+---------+---------+-------
